 Dungeon Crawl Stone Soup version 0.28-a0-1033-g1a2f33fa85 (webtiles) character file.

Game seed: 15013925565594567416

24 mcbry74 the Insei (level 3, 0/26 HPs)
             Began as a Merfolk Transmuter on Dec 7, 2021.
             Slain by Sigmund (10 damage)
             ... on level 2 of the Dungeon.
             The game lasted 00:04:01 (1563 turns).

mcbry74 the Insei (Merfolk Transmuter)              Turns: 1563, Time: 00:04:01

Health: 0/26       AC:  2    Str: 10    XL:     3   Next: 2%
Magic:  6/6        EV: 13    Int: 12    God:
Gold:   30         SH:  0    Dex: 16    Spells: 5/6 levels left

rFire   . . .      SeeInvis .     - Unarmed
rCold   . . .      Faith    .   (no shield)
rNeg    . . .      Spirit   .   a - +0 robe
rPois   .          Reflect  .   (no helmet)
rElec   .          Harm     .   (no cloak)
rCorr   .          Rampage  .   (no gloves)
Will    .....                   (no boots)
Stlth   +.........              (no amulet)
HPRegen 0.08/turn               (no ring)
MPRegen 0.10/turn               (no ring)

@: brilliant, invisible
A: (nimble swimmer 2), mertail
a: no special abilities


You were on level 2 of the Dungeon.
You visited 1 branch of the dungeon, and saw 2 of its levels.

You collected 30 gold pieces.

Inventory:

Missiles
 b - 35 stones
 f - 15 sling bullets
 i - 3 boomerangs
 j - 16 poisoned darts
Armour
 a - a +0 robe (worn)
Scrolls
 d - a scroll of amnesia {unknown}
 e - a scroll of acquirement {unknown}
 k - a scroll of teleportation {unknown}
 l - a scroll of identify


   Skills:
 - Level 1.1 Fighting
 - Level 2.6 Dodging
 + Level 4.5 Unarmed Combat
 - Level 2.0 Spellcasting
 - Level 2.6 Transmutations


You had 5 spell levels left.
You knew the following spells:

 Your Spells              Type           Power      Damage    Failure   Level
a - Beastly Appendage     Tmut           22%        N/A       9%          1

Your spell library contained the following spells:

 Spells                   Type           Power      Damage    Failure   Level
 Wereblood                Tmut           11%        N/A       14%         2
 Spider Form              Tmut/Pois      6%         N/A       43%         3
 Ice Form                 Ice/Tmut       6%         N/A       83%         4


Dungeon Overview and Level Annotations

Branches:
Dungeon (2/15)

Altars:

Shops:
D:2 (

Annotations:
D:2 Sigmund


Innate Abilities, Weirdness & Mutations

((You are quick and stealthy near water. (Stealth+, EV+, Speed+++)))
Your lower body shifts to a powerful aquatic tail in water.


Message History

You punch Sigmund!
Sigmund is moderately wounded.
Sigmund misses you.
You closely miss Sigmund.
Sigmund is moderately wounded.
You barely miss Sigmund.
Sigmund is moderately wounded.
Sigmund hits you with a +0 scythe!
You catch the helpless Sigmund completely off-guard!
You hit Sigmund.
Sigmund is moderately wounded.
Sigmund barely misses you.
You barely miss Sigmund.
Sigmund is moderately wounded.
You hit Sigmund but do no damage.
Sigmund is moderately wounded.
Sigmund's eyes start glowing with a red light.
Sigmund points at you and mumbles some strange words.
The magic dart hits you!
You hit Sigmund.
Sigmund is moderately wounded.
Sigmund closely misses you.
You barely miss Sigmund.
Sigmund is moderately wounded.
You hit Sigmund.
Sigmund is heavily wounded.
Sigmund misses you.
You catch the helpless Sigmund completely off-guard!
You hit Sigmund but do no damage. You punch Sigmund.
Sigmund is severely wounded.
Sigmund closely misses you.
You hit Sigmund.
Sigmund is almost dead.
You hit Sigmund.
Sigmund is almost dead.
Sigmund gestures wildly while chanting.
Sigmund flickers and vanishes!
Deactivating autopickup; reactivate with Ctrl-A.
You closely miss something. Something hits you!
You die...

.......##.# # #.
#.#...###:##.# .##
#. ...#.###...#.###
..# .####.
................ ..
......
...#.###...#.## ..
...... #<##.#
##.##.# .# #####.
..##.# #.##.# .#
######. ####.#
##.##.####.##
.......
####.###........@..#
#####.
.)....##.#.#.####{.#
#. #####.#.###..#
..# #. .......##
##.# .... #.
..###.#.###..# #.###
#. #.# #.##.#.### .#
#. .# #.##...# .# #.
.# #.##.#.# .# #. #
#.##.#.####### #.


There were no monsters in sight!

Vanquished Creatures
  A dart slug (D:2)
  A bat (D:1)
  4 endoplasms
  A hobgoblin (D:1)
  3 jackals (D:2)
  3 kobolds
  A quokka (D:2)
  A ball python (D:2)
  A frilled lizard (D:2)
  2 goblins
  2 rats
20 creatures vanquished.

Notes
Turn   | Place    | Note
-------+----------+-------------------------------------------
     0 | D:1      | mcbry74 the Merfolk Transmuter began the quest for the Orb.
     0 | D:1      | Reached XP level 1. HP: 15/15 MP: 3/3
    29 | D:1      | Found a faded altar of an unknown god.
   382 | D:1      | Reached XP level 2. HP: 21/21 MP: 5/5
   670 | D:2      | Found Muetocuk's Antique Weapon Shop.
   683 | D:2      | Reached skill level 4 in Unarmed Combat
  1231 | D:2      | Noticed Sigmund
  1412 | D:2      | Reached XP level 3. HP: 17/26 MP: 6/6
  1563 | D:2      | Slain by Sigmund

Illustrated notes

Levels and vault maps discovered:
D:1:      minmay_arrival_three_doors, layout_basic,
          ebering_ecumenical_altar_hall
D:2:      layout_loops_ring, serial_shops, shop, uniq_sigmund

Skill      XL: |  1  2 |
---------------+-------+-----
Unarmed Combat | 4 |  4.5
Fighting       | |  1.1
Dodging        | |  2.6
Spellcasting   | |  2.0
Transmutations | |  2.6

Action                   || total
-------------------------++-------
Melee: Unarmed           ||    85
       Punch             ||     1
  Use: Scroll            ||     1
       Potion            ||     2
 Stab: Sleeping          ||     2
       Distracted        ||     1
       Invisible         ||     2
Armor: Robe              ||     9
Dodge: Dodged            ||    40

Table legend: (Time is in decaauts)
 A = Elapsed time spent in this place.
 B = Non-inter-level travel time spent in this place.
 C = Inter-level travel time spent in this place.
 D = Time resting spent in this place.
 E = Time spent auto-exploring this place.
 F = Levels seen in this place.
 G = Mean time per level.
                   A        B        C        D        E       F      G
               +--------+--------+--------+--------+--------+-----+--------+
         Total |   1556 |   1547 |      9 |    542 |    704 |   2 |  778.0 |
       Dungeon |   1556 |   1547 |      9 |    542 |    704 |   2 |  778.0 |
               +--------+--------+--------+--------+--------+-----+--------+

Top non-repeatable levels by time:
     D:2: 888 daAuts
     D:1: 668 daAuts
